XFBL
MONTREAL EXPOS @ NEW YORK METS
04/18/1982
 
TOP OF THE 1ST
Montreal Expos batting - Pitching for New York Mets : RHP Enrique Martinez
Pitching: RHP Enrique Martinez
Batting: LHB Duane Walker 0-0: Foul Ball, location: 2F
0-1: Ball
1-1: TRIPLE (Flyball, 78XD, EV 103.8 MPH)
Batting: SHB Garry Templeton 0-0: Ball
1-0: Ball
2-0: Ball
3-0: Called Strike
3-1: Foul Ball, location: 2F
3-2: Foul Ball, location: 2F
3-2: Foul Ball, location: 2F
3-2: Foul Ball, location: 2F
3-2: SINGLE (Groundball, 56S, EV 68.8 MPH) (infield hit)
Duane Walker scores
Batting: LHB Kirk Gibson 0-0: Fly out, F6 (Flyball, 56D, EV 90.6 MPH)
Batting: RHB Dale Murphy 0-0: Ball
1-0: Ball
2-0: Called Strike
2-1: Foul Ball, location: 2F
2-2: Foul Ball, location: 2F
2-2: Foul Ball, location: 2F
2-2: Strikes out swinging
Batting: RHB Dave Winfield 0-0: Ball
1-0: Ball
Garry Templeton steals 2nd base
2-0: Called Strike
2-1: Ground out 6-3 (Groundball, 6, EV 86.9 MPH)
Top of the 1st over - 1 run, 2 hits, 0 errors, 1 left on base; Montreal 1 - New York 0
BOTTOM OF THE 1ST
New York Mets batting - Pitching for Montreal Expos : RHP Antonio Atayde
Pitching: RHP Antonio Atayde
Batting: RHB Dave Concepcion 0-0: Swinging Strike
0-1: Ball
1-1: Foul Ball, location: 2F
1-2: Fly out, F8 (Line Drive, 8RM, EV 92.5 MPH)
Batting: RHB Jason Sickman 0-0: Ball
1-0: Fly out, F8 (Flyball, 89XD, EV 101.3 MPH)
Batting: LHB Lyman Bostock 0-0: Ground out 3-1 (Groundball, 3D, EV 83.1 MPH)
Bottom of the 1st over - 0 runs, 0 hits, 0 errors, 0 left on base; Montreal 1 - New York 0
TOP OF THE 2ND
Montreal Expos batting - Pitching for New York Mets : RHP Enrique Martinez
Batting: LHB Timnothy Meyer 0-0: Called Strike
0-1: Ball
1-1: Foul Ball, location: 2F
1-2: Hit by Pitch
Batting: LHB Ernesto Quevedo 0-0: Foul Ball, location: 2F
0-1: Called Strike
0-2: Ball
1-2: Ball
2-2: Ball
3-2: Base on Balls
Timnothy Meyer to second
Batting: LHB Orlando Sanchez 0-0: Ball
1-0: Grounds into double play, 4-6-3 (Groundball, 4, EV 84.4 MPH)
Timnothy Meyer to third
Batting: RHB Antonio Atayde 0-0: Called Strike
0-1: Ball
1-1: Ball
2-1: Fly out, F6 (Line Drive, 6, EV 66.9 MPH)
Top of the 2nd over - 0 runs, 0 hits, 0 errors, 1 left on base; Montreal 1 - New York 0
BOTTOM OF THE 2ND
New York Mets batting - Pitching for Montreal Expos : RHP Antonio Atayde
Batting: LHB Alamazoo White 0-0: Ground out 4-3 (Groundball, 34, EV 110.0 MPH)
Batting: RHB Garry Maddox 0-0: Ball
1-0: Swinging Strike
1-1: Ground out U3 (Groundball, 13, EV 83.8 MPH)
Batting: LHB Roy E Johnson 0-0: Ground out 6-3 (Groundball, 6, EV 103.1 MPH)
Bottom of the 2nd over - 0 runs, 0 hits, 0 errors, 0 left on base; Montreal 1 - New York 0
TOP OF THE 3RD
Montreal Expos batting - Pitching for New York Mets : RHP Enrique Martinez
Batting: LHB Duane Walker 0-0: Called Strike
0-1: Foul Ball, location: 2F
0-2: Ball
1-2: Foul Ball, location: 2F
1-2: Strikes out swinging
Batting: SHB Garry Templeton 0-0: Ball
1-0: Swinging Strike
1-1: Ball
2-1: Fly out, F9 (Line Drive, 9, EV 103.8 MPH)
Batting: LHB Kirk Gibson 0-0: Foul Ball, location: 2F
0-1: Foul Ball, location: 2F
0-2: Ball
1-2: Strikes out swinging
Top of the 3rd over - 0 runs, 0 hits, 0 errors, 0 left on base; Montreal 1 - New York 0
BOTTOM OF THE 3RD
New York Mets batting - Pitching for Montreal Expos : RHP Antonio Atayde
Batting: RHB Ray Knight 0-0: Ball
1-0: Foul Ball, location: 2F
1-1: Ball
2-1: SINGLE (Flyball, 8LS, EV 93.1 MPH)
Batting: RHB Rick Burleson 0-0: Fielders Choice at 2nd, 4-6 (Groundball, 34, EV 100.0 MPH)
Batting: RHB Enrique Martinez 0-0: Called Strike
0-1: Bunted foul
0-2: Bunted foul, Strikeout!
Batting: RHB Dave Concepcion 0-0: Ball
1-0: Swinging Strike
1-1: Ball
2-1: Swinging Strike
2-2: Strikes out swinging
Bottom of the 3rd over - 0 runs, 1 hit, 0 errors, 1 left on base; Montreal 1 - New York 0
TOP OF THE 4TH
Montreal Expos batting - Pitching for New York Mets : RHP Enrique Martinez
Batting: RHB Dale Murphy 0-0: Ball
1-0: Ball
2-0: Ball
3-0: Called Strike
3-1: Base on Balls
Batting: RHB Dave Winfield 0-0: Foul Ball, location: 2F
0-1: Ball
1-1: Ball
2-1: Fielders Choice at 2nd, 6-4 (Groundball, 6, EV 88.8 MPH)
Batting: LHB Timnothy Meyer 0-0: Called Strike
0-1: Ball
1-1: Called Strike
1-2: Grounds into double play, 5-4-3 (Groundball, 25, EV 83.1 MPH)
Top of the 4th over - 0 runs, 0 hits, 0 errors, 0 left on base; Montreal 1 - New York 0
BOTTOM OF THE 4TH
New York Mets batting - Pitching for Montreal Expos : RHP Antonio Atayde
Batting: RHB Jason Sickman 0-0: Called Strike
0-1: Ball
1-1: Swinging Strike
1-2: Ball
2-2: Strikes out swinging
Batting: LHB Lyman Bostock 0-0: Ball
1-0: Called Strike
1-1: Called Strike
1-2: Ball
2-2: Ground out 4-3 (Groundball, 4S, EV 83.8 MPH)
Batting: LHB Alamazoo White 0-0: Called Strike
0-1: Ball
1-1: Foul Ball, location: 2F
1-2: Foul Ball, location: 2F
1-2: Ground out 6-3 (Groundball, 6MS, EV 83.1 MPH)
Bottom of the 4th over - 0 runs, 0 hits, 0 errors, 0 left on base; Montreal 1 - New York 0
TOP OF THE 5TH
Montreal Expos batting - Pitching for New York Mets : RHP Enrique Martinez
Batting: LHB Ernesto Quevedo 0-0: Ground out 4-3 (Groundball, 4, EV 78.1 MPH)
Batting: LHB Orlando Sanchez 0-0: Called Strike
0-1: Ball
1-1: Ball
2-1: Called Strike
2-2: Ball
3-2: Foul Ball, location: 2F
3-2: Strikes out swinging
Batting: RHB Antonio Atayde 0-0: Ball
1-0: Foul Ball, location: 2F
1-1: Ball
2-1: Ball
3-1: Ground out 6-3 (Groundball, 6, EV 83.8 MPH)
Top of the 5th over - 0 runs, 0 hits, 0 errors, 0 left on base; Montreal 1 - New York 0
BOTTOM OF THE 5TH
New York Mets batting - Pitching for Montreal Expos : RHP Antonio Atayde
Batting: RHB Garry Maddox 0-0: Called Strike
0-1: Reached on error, E5 (Groundball, 56S, EV 66.9 MPH)
Batting: LHB Roy E Johnson 0-0: Ball
1-0: Fielders Choice at 2nd, 4-6 (Groundball, 34, EV 97.5 MPH)
Batting: RHB Ray Knight 0-0: Foul Ball, location: 2F
0-1: Ball
1-1: Ball
2-1: Fly out, F9 (Flyball, 89S, EV 92.5 MPH)
Batting: RHB Rick Burleson 0-0: Ball
1-0: Called Strike
1-1: Ball
2-1: Fielders Choice at 2nd, 5-4 (Groundball, 56, EV 80.0 MPH)
Bottom of the 5th over - 0 runs, 0 hits, 1 error, 1 left on base; Montreal 1 - New York 0
TOP OF THE 6TH
Montreal Expos batting - Pitching for New York Mets : RHP Enrique Martinez
Batting: LHB Duane Walker 0-0: Ball
1-0: Swinging Strike
1-1: Called Strike
1-2: Fly out, F8 (Flyball, 89XD, EV 98.1 MPH)
Batting: SHB Garry Templeton 0-0: Ground out 6-3 (Groundball, 56D, EV 88.1 MPH)
Batting: LHB Kirk Gibson 0-0: Ball
1-0: Ball
2-0: Called Strike
2-1: Ball
3-1: Foul Ball, location: 2F
3-2: Foul Ball, location: 2F
3-2: Foul Ball, location: 2F
3-2: Base on Balls
Batting: RHB Dale Murphy 0-0: Ball
Kirk Gibson steals 2nd base
1-0: Called Strike
1-1: Ball
2-1: SINGLE (Groundball, 4MD, EV 105.6 MPH) (infield hit)
Kirk Gibson to third
Batting: RHB Dave Winfield 0-0: Foul Ball, location: 2F
0-1: Ball
1-1: Foul Ball, location: 2F
1-2: Foul Ball, location: 2F
1-2: Ball
2-2: Strikes out swinging
Top of the 6th over - 0 runs, 1 hit, 0 errors, 2 left on base; Montreal 1 - New York 0
BOTTOM OF THE 6TH
New York Mets batting - Pitching for Montreal Expos : RHP Antonio Atayde
Pinch Hitting: RHB Gary Redus 0-0: Called Strike
0-1: Ball
1-1: Foul Ball, location: 2F
1-2: Foul Ball, location: 2F
1-2: Strikes out swinging
Batting: RHB Dave Concepcion 0-0: Ball
1-0: Called Strike
1-1: Ball
2-1: Swinging Strike
2-2: Strikes out swinging
Batting: RHB Jason Sickman 0-0: Fly out, F7 (Flyball, 78S, EV 87.5 MPH)
Bottom of the 6th over - 0 runs, 0 hits, 0 errors, 0 left on base; Montreal 1 - New York 0
TOP OF THE 7TH
Montreal Expos batting - Pitching for New York Mets : RHP Enrique Martinez
Pitching: RHP Matt Adams
Batting: LHB Timnothy Meyer 0-0: Ball
1-0: Fly out, F8 (Flyball, 8RXD, EV 91.3 MPH)
Batting: LHB Ernesto Quevedo 0-0: Ball
1-0: Ball
2-0: Ball
3-0: Called Strike
3-1: Base on Balls
Batting: LHB Orlando Sanchez 0-0: Fly out, F8 (Flyball, 8LXD, EV 108.1 MPH)
Batting: RHB Antonio Atayde 0-0: Ball
1-0: Ground out U3 (Groundball, 34, EV 77.5 MPH)
Top of the 7th over - 0 runs, 0 hits, 0 errors, 1 left on base; Montreal 1 - New York 0
BOTTOM OF THE 7TH
New York Mets batting - Pitching for Montreal Expos : RHP Antonio Atayde
Batting: LHB Lyman Bostock 0-0: Foul Ball, location: 2F
0-1: Ball
1-1: Foul Ball, location: 2F
1-2: Hit by Pitch
Batting: LHB Alamazoo White 0-0: Ball
1-0: Ball
2-0: Called Strike
2-1: Called Strike
2-2: Strikes out swinging
Lyman Bostock steals 2nd base
Batter strikes out.
Pinch Hitting: LHB John Kruk 0-0: Ground out 4-3 (Groundball, 4, EV 103.8 MPH)
Lyman Bostock to third
Batting: LHB Roy E Johnson 0-0: Ball
1-0: Ball
2-0: Ball
3-0: Called Strike
3-1: Foul Ball, location: 2F
3-2: Foul Ball, location: 2F
3-2: Ground out 4-3 (Groundball, 34, EV 102.5 MPH)
Bottom of the 7th over - 0 runs, 0 hits, 0 errors, 1 left on base; Montreal 1 - New York 0
TOP OF THE 8TH
Montreal Expos batting - Pitching for New York Mets : RHP Matt Adams
Now in CF: John Kruk
Batting: LHB Duane Walker 0-0: Called Strike
0-1: Called Strike
0-2: Ball
1-2: Ball
2-2: Ball
3-2: Foul Ball, location: 2F
3-2: Strikes out swinging
Batting: SHB Garry Templeton 0-0: Foul Ball, location: 2F
0-1: Called Strike
0-2: Foul Ball, location: 2F
0-2: Ground out U3 (Groundball, 3, EV 102.5 MPH)
Batting: LHB Kirk Gibson 0-0: Ball
1-0: Ball
2-0: Ball
3-0: Called Strike
3-1: Base on Balls
Batting: RHB Dale Murphy 0-0: Ball
1-0: Foul Ball, location: 2F
1-1: Foul Ball, location: 2F
1-2: Strikes out swinging
Top of the 8th over - 0 runs, 0 hits, 0 errors, 1 left on base; Montreal 1 - New York 0
BOTTOM OF THE 8TH
New York Mets batting - Pitching for Montreal Expos : RHP Antonio Atayde
Batting: RHB Ray Knight 0-0: Ground out 4-3 (Groundball, 34, EV 93.1 MPH)
Batting: RHB Rick Burleson 0-0: Fly out, F8 (Line Drive, 8LD, EV 111.9 MPH)
Pinch Hitting: RHB George Gomez 0-0: Ball
1-0: Ball
2-0: Called Strike
2-1: Foul Ball, location: 2F
2-2: Foul Ball, location: 2F
2-2: Ball
3-2: Base on Balls
Batting: RHB Dave Concepcion 0-0: Ball
1-0: Ball
2-0: Called Strike
2-1: Foul Ball, location: 2F
2-2: Foul Ball, location: 2F
2-2: Ground out 5-3 (Groundball, 5S, EV 62.5 MPH)
Bottom of the 8th over - 0 runs, 0 hits, 0 errors, 1 left on base; Montreal 1 - New York 0
TOP OF THE 9TH
Montreal Expos batting - Pitching for New York Mets : RHP Matt Adams
Pitching: LHP William Scholl
Batting: RHB Dave Winfield 0-0: Ground out 6-3 (Groundball, 6, EV 87.5 MPH)
Batting: LHB Timnothy Meyer 0-0: Ball
1-0: Fly out, F8 (Flyball, 89D, EV 104.4 MPH)
Batting: LHB Ernesto Quevedo 0-0: Ball
1-0: Foul Ball, location: 2F
1-1: Ball
2-1: SINGLE (Groundball, 56D, EV 103.1 MPH) (infield hit)
Batting: LHB Orlando Sanchez 0-0: Foul Ball, location: 2F
0-1: Ground out 4-3 (Groundball, 4, EV 88.1 MPH)
Top of the 9th over - 0 runs, 1 hit, 0 errors, 1 left on base; Montreal 1 - New York 0
BOTTOM OF THE 9TH
New York Mets batting - Pitching for Montreal Expos : RHP Antonio Atayde
Now at 2B: Alex Ortiz
Now in LF: Guonçalo Fernandes
Now in RF: Luis Sanchez
Batting: RHB Jason Sickman 0-0: Fly out, F8 (Flyball, 8LXD, EV 103.1 MPH)
Batting: LHB Lyman Bostock 0-0: Ground out 4-3 (Groundball, 4, EV 91.3 MPH)
Batting: LHB Alamazoo White 0-0: Called Strike
0-1: Ball
1-1: Foul Ball, location: 2F
1-2: Ground out 4-3 (Groundball, 4, EV 80.0 MPH)
Bottom of the 9th over - 0 runs, 0 hits, 0 errors, 0 left on base; Montreal 1 - New York 0
Wednesday, July 22nd, 2020 - OOTP Baseball 21.4 Build 63